 Dungeon Crawl Stone Soup version 0.30-a0-772-g5528072125 (webtiles) character file.

Game seed: 14018953466602312646

784 Zonian the Sneak (level 7, -8/37 HPs)
             Began as a Vine Stalker Brigand on Feb 13, 2023.
             Mangled by an ogre
             ... wielding a +0 giant spiked club
              (13 damage)
             ... on level 5 of the Dungeon.
             The game lasted 00:06:27 (3929 turns).

Zonian the Sneak (Vine Stalker Brigand)             Turns: 3929, Time: 00:06:28

Health: -8/37      AC:  4    Str: 14    XL:     7   Next: 86%
Magic:  0/8        EV: 18    Int: 11    God:
Gold:   132        SH:  0    Dex: 17    Spells: 6/6 levels left

rFire   . . .      SeeInvis .    r - +0 dagger (drain)
rCold   . . .      Faith    .    (no shield)
rNeg    . . .      Spirit   +    b - +0 robe
rPois   .          Reflect  .    (no helmet)
rElec   .          Harm     .    c - +0 cloak
rCorr   .          Rampage  .    (no gloves)
Will    .....                    s - +0 pair of boots
Stlth   ++++                     (no amulet)
HPRegen 1.06/turn                h - +5 ring of evasion
MPRegen 0.11/turn                (no ring)

@: no status effects
A: fangs 2, regeneration 1, magic shield, antimagic bite, no potion heal 2
a: no special abilities


You were on level 5 of the Dungeon.
You visited 1 branch of the dungeon, and saw 5 of its levels.

You collected 237 gold pieces.
You spent 105 gold pieces at shops.

Inventory:

Hand Weapons
 a - a +2 dagger
 f - a +0 dagger of freezing
 m - a +0 falchion
 r - a +0 dagger of draining (weapon)
 D - a +2 hand axe of freezing
Missiles
 d - 2 poisoned darts (quivered)
 e - 3 curare-tipped darts
 v - 6 atropa-tipped darts
 E - a boomerang
Armour
 b - a +0 robe (worn)
 c - a +0 cloak (worn)
 s - a +0 pair of boots (worn)
Jewellery
 h - a +5 ring of evasion (left hand)
 k - a ring of flight
 o - a +5 ring of evasion
 z - an amulet of faith
Wands
 p - a wand of paralysis (4)
 y - a wand of digging (17)
Scrolls
 g - 4 scrolls of teleportation
 n - a scroll of immolation {unknown}
 u - a scroll of enchant armour {unknown}
 w - 4 scrolls of blinking
 x - a scroll of fog {unknown}
 B - a scroll of magic mapping {unknown}
 C - a scroll of amnesia {unknown}
Potions
 i - 2 potions of mutation
 j - a potion of degeneration {unknown}
 l - a potion of curing {unknown}
 q - 2 potions of might
 t - 2 potions of brilliance {unknown}
 A - a potion of haste {unknown}
 F - a potion of heal wounds {unknown}
 G - a potion of lignification {unknown}


   Skills:
 + Level 4.0 Fighting
 + Level 3.9 Short Blades
 - Level 3.1 Throwing
 + Level 3.2 Dodging
 + Level 7.1 Stealth


You had 6 spell levels left.
You didn't know any spells.
Your spell library contained the following spells:

 Spells                   Type           Power      Damage    Failure   Level
 Kiss of Death            Conj/Necr      0%         2d5       34%         1
 Confusing Touch          Hex            0%         N/A       71%         3
 Dispel Undead            Necr           0%         3d6       98%         4


Dungeon Overview and Level Annotations

Branches:
Dungeon (5/15)
 Temple: D:4-7

Altars:
Cheibriados
Nemelex Xobeh
Trog

Shops:
D:4 *   D:5 (


Innate Abilities, Weirdness & Mutations

You have extremely sharp teeth.
Your natural rate of healing is unusually fast.
When hurt, damage is shared between your health and your magic reserves.
Your bite disrupts and absorbs the magic of your enemies.
Potions cannot restore your health.


Message History

An ogre comes into view. It is wielding a +0 giant spiked club.
The ogre shouts!
An ogre is nearby!
Unknown command.
You throw a poisoned dart.
The poisoned dart barely misses the ogre.
You throw a poisoned dart. The poisoned dart hits the ogre!
The ogre is poisoned.
You throw a poisoned dart.
The poisoned dart barely misses the ogre.
Unknown command.
You throw a poisoned dart. The poisoned dart hits the ogre.
The ogre looks even sicker.
You throw a poisoned dart. The poisoned dart hits the ogre!
The ogre looks as sick as possible!
Unknown command.
You throw a poisoned dart.
The poisoned dart completely misses the ogre.
You throw a poisoned dart.
The poisoned dart barely misses the ogre.
The ogre hits you with a +0 giant spiked club!!
Unknown command.
You barely miss the ogre. You bite the ogre. You drain its power.
You feel invigorated.
The ogre is moderately wounded.
You hit the ogre.
The ogre is heavily wounded.
The ogre hits you with a +0 giant spiked club!!
* * * LOW HITPOINT WARNING * * *
Unknown command.
Aiming: Paralyse
Press: ? - help, Shift-Dir - straight line, f/p - ogre
Aim: an ogre, wielding a +0 giant spiked club (heavily wounded, very poisoned, chance to affect: 49%)
Okay, then.
Okay, then.
Okay, then.
You hit the ogre. You drain the ogre.
The ogre is severely wounded.
The ogre hits you with a +0 giant spiked club!
You die...

....###.# #...........
....# #.## #...........
....###..###...........
###......##............
..#.###.....##.....#...
#.#.# ##.............##
#.#.# ######.....####
#.#.# ###......# #.#.#
#......@.# #.#.#
##.##.##.O...#
#.#.#####..#..##..(.....
..#....#..##รท###........
###......#...# #........
.......###.### #####.(.(
###........# ....
........#### ..(
....##.##


You could see an ogre (very poisoned, drained).

Vanquished Creatures
  3 black bears
  2 scorpions
  An orc priest (D:4)
  2 hounds
  2 jellies (D:5)
  Jessica (D:2)
  Natasha (twice) (D:3)
  4 gnolls (D:3)
  4 adders
  A worm (D:4)
  4 dart slugs
  7 orcs
  5 ball pythons
  9 bats
  6 endoplasms
  2 giant cockroaches
  6 goblins
  8 hobgoblins
  3 jackals (D:3)
  7 kobolds
  2 quokkas
  6 frilled lizards
  5 rats
92 creatures vanquished.

Vanquished Creatures (others)
  A bat (D:3)
1 creature vanquished.

Grand Total: 93 creatures vanquished

Notes
Turn   | Place    | Note
-------+----------+-------------------------------------------
     0 | D:1      | Zonian the Vine Stalker Brigand began the quest for the
                  | Orb.
     0 | D:1      | Reached XP level 1. HP: 11/11 MP: 2/2
    85 | D:1      | Reached skill level 1 in Dodging
    85 | D:1      | Reached XP level 2. HP: 12/15 MP: 1/3
   176 | D:1      | Reached skill level 5 in Stealth
   519 | D:1      | Reached XP level 3. HP: 17/18 MP: 4/4
  1047 | D:2      | Noticed Jessica
  1055 | D:2      | Killed Jessica
  1056 | D:2      | Gained mutation: Your natural rate of healing is unusually
                  | fast. [Vine Stalker growth]
  1056 | D:2      | Reached XP level 4. HP: 20/23 MP: 5/5
  2206 | D:3      | Noticed Natasha
  2241 | D:3      | Killed Natasha
  2242 | D:3      | Reached XP level 5. HP: 17/27 MP: 4/6
  2309 | D:3      | Found a snail-covered altar of Cheibriados.
  2484 | D:3      | Noticed Natasha
  2500 | D:3      | Killed Natasha
  2659 | D:4      | Found a sparkling altar of Nemelex Xobeh.
  2782 | D:4      | Reached XP level 6. HP: 25/32 MP: 7/7
  2797 | D:4      | Reached skill level 6 in Stealth
  2989 | D:4      | Found Darearen's General Store.
  2996 | D:4      | Bought a scroll of blinking for 75 gold pieces
  2996 | D:4      | Bought a scroll of teleportation for 30 gold pieces
  3436 | D:4      | Found a bloodstained altar of Trog.
  3436 | D:4      | Noticed a black bear
  3473 | D:4      | Noticed a black bear
  3480 | D:4      | Killed a black bear
  3481 | D:4      | Reached XP level 7. HP: 36/36 MP: 8/8
  3636 | D:5      | Entered Level 5 of the Dungeon
  3738 | D:5      | Reached skill level 7 in Stealth
  3760 | D:5      | Noticed a yak
  3760 | D:5      | Noticed a yak
  3771 | D:5      | Found Waimol's Weapon Boutique.
  3929 | D:5      | Mangled by an ogre

Illustrated notes

Levels and vault maps discovered:
D:1:      amcnicky_arrival_double_pillar, layout_basic
D:2:      layout_basic, uniq_jessica
D:3:      layout_rooms, cheibriados_altar_1, uniq_natasha
D:4:      layout_loops_ring, trog_ov_bears_minmay,
          lemuel_coloured_pillars_altar, serial_shops, shop
D:5:      layout_rooms, corexii_corridor_pit, nicolae_inconvenience_store,
          nrook_mini_vaults, uniq_sigmund, uniq_grinder

Skill      XL: |  1  2  3  4  5  6  7 |
---------------+----------------------+-----
Dodging        | 1 2 3 |  3.2
Stealth        | 5 6 7 |  7.1
Throwing       | 2 3 |  3.1
Fighting       | 2 3 4 |  4.0
Short Blades   | 2 3 |  3.9

Action                     |  1- 3 |  4- 6 |  7- 9 || total
---------------------------+-------+-------+-------++-------
  Melee: Dagger            |    73 |   151 |    48 ||   272
         Bite              |    16 |    39 |    15 ||    70
         Punch             |       |     4 |     2 ||     6
  Throw: Dart              |       |       |     7 ||     7
  Evoke: Wand              |       |     2 |     2 ||     4
    Use: Scroll            |       |     5 |       ||     5
   Stab: Sleeping          |    13 |    11 |     1 ||    25
         Paralysed         |       |     1 |     1 ||     2
         Distracted        |       |     1 |       ||     1
 Armour: Robe              |     7 |    25 |     8 ||    40
  Dodge: Dodged            |    39 |    88 |    43 ||   170

Table legend: (Time is in decaauts)
 A = Elapsed time spent in this place.
 B = Non-inter-level travel time spent in this place.
 C = Inter-level travel time spent in this place.
 D = Time resting spent in this place.
 E = Time spent auto-exploring this place.
 F = Levels seen in this place.
 G = Mean time per level.
                   A        B        C        D        E       F      G
               +--------+--------+--------+--------+--------+-----+--------+
         Total |   3889 |   3742 |    147 |    295 |   2604 |   5 |  777.8 |
       Dungeon |   3889 |   3742 |    147 |    295 |   2604 |   5 |  777.8 |
               +--------+--------+--------+--------+--------+-----+--------+

Top non-repeatable levels by time:
     D:2: 1149 daAuts
     D:4: 973 daAuts
     D:1: 919 daAuts
     D:3: 564 daAuts
     D:5: 283 daAuts
